PA
ALAMEDA AIRMEN @ COLUMBIA RIVER RATS
09/03/2026
 
TOP OF THE 1ST
Alameda Airmen batting - Pitching for Columbia River Rats : RHP Claudio Salazar
Pitching: RHP Claudio Salazar
Batting: RHB Mark Poirer 0-0: Swinging Strike
0-1: Foul Ball, location: 2F
0-2: Ball
1-2: Foul Ball, location: 2F
1-2: Ball
2-2: Foul Ball, location: 2F
2-2: Strikes out swinging
Batting: RHB Jud Regan 0-0: Swinging Strike
0-1: Ball
1-1: Ground out 5-3 (Groundball, 56S)
Batting: RHB Alfonso Nazario 0-0: Called Strike
0-1: Ball
1-1: Foul Ball, location: 2F
1-2: Strikes out looking
Top of the 1st over - 0 run(s), 0 hit(s), 0 error(s), 0 left on base; Alameda 0 - Columbia 0
BOTTOM OF THE 1ST
Columbia River Rats batting - Pitching for Alameda Airmen : RHP Miguel Cabañas
Pitching: RHP Miguel Cabañas
Batting: RHB Víctor Hernández 0-0: Foul Ball, location: 2F
0-1: Swinging Strike
0-2: Strikes out swinging
Batting: RHB Mario Jacome 0-0: Ball
1-0: Fly out, F9 (Flyball, 9LMF)
Batting: RHB JoJo Victory 0-0: Ball
1-0: Called Strike
1-1: Ball
2-1: Reached on error, E6 (Groundball, 6)
Batting: SHB Robert Hillier 0-0: Called Strike
0-1: Swinging Strike
0-2: Ball
1-2: Strikes out swinging
Bottom of the 1st over - 0 run(s), 0 hit(s), 1 error(s), 1 left on base; Alameda 0 - Columbia 0
TOP OF THE 2ND
Alameda Airmen batting - Pitching for Columbia River Rats : RHP Claudio Salazar
Batting: SHB Adam Staats 0-0: Ball
1-0: Called Strike
1-1: Foul Ball, location: 2F
1-2: Foul Ball, location: 2F
1-2: Foul Ball, location: 2F
1-2: Strikes out swinging
Batting: RHB Javier Marino 0-0: Called Strike
0-1: Ball
1-1: Ball
2-1: Ball
3-1: Foul Ball, location: 2F
3-2: Strikes out swinging
Batting: RHB Armando Rodríguez 0-0: DOUBLE (Line Drive, 7LM)
Batting: RHB Mario Salazar 0-0: Called Strike
0-1: Fly out, F7 (Flyball, 7S)
Top of the 2nd over - 0 run(s), 1 hit(s), 0 error(s), 1 left on base; Alameda 0 - Columbia 0
BOTTOM OF THE 2ND
Columbia River Rats batting - Pitching for Alameda Airmen : RHP Miguel Cabañas
Batting: RHB Paco Muñóz 0-0: Foul Ball, location: 2F
0-1: Ground out 5-3 (Groundball, 5)
Batting: RHB Richard Blackburn 0-0: Called Strike
0-1: Ball
1-1: Foul Ball, location: 2F
1-2: Ball
2-2: SINGLE (Line Drive, 7S)
Batting: RHB Miguel Delgado 0-0: Ball
1-0: Fly out, F8 (Flyball, 8RM)
Batting: RHB Fernando Arévalo 0-0: Ball
1-0: Called Strike
1-1: Ball
2-1: Fly out, F8 (Flyball, 8LS)
Bottom of the 2nd over - 0 run(s), 1 hit(s), 0 error(s), 1 left on base; Alameda 0 - Columbia 0
TOP OF THE 3RD
Alameda Airmen batting - Pitching for Columbia River Rats : RHP Claudio Salazar
Batting: RHB Teobaldo Pasquetto 0-0: Ball
1-0: Called Strike
1-1: Called Strike
1-2: Ball
2-2: Foul Ball, location: 2F
2-2: Strikes out looking
Batting: RHB Howard Lee 0-0: Called Strike
0-1: SINGLE (Line Drive, 89M)
Batting: RHB Mark Poirer 0-0: Called Strike
0-1: Ball
1-1: Ball
2-1: Foul Ball, location: 2F
2-2: Foul Ball, location: 2F
2-2: Ball
3-2: Fly out, F7 (Flyball, 7LM)
Batting: RHB Jud Regan 0-0: Ball
1-0: Called Strike
1-1: Ball
2-1: Foul Ball, location: 2F
2-2: Strikes out looking
Top of the 3rd over - 0 run(s), 1 hit(s), 0 error(s), 1 left on base; Alameda 0 - Columbia 0
BOTTOM OF THE 3RD
Columbia River Rats batting - Pitching for Alameda Airmen : RHP Miguel Cabañas
Batting: RHB Bill Tan 0-0: Ball
1-0: Fly out, F8 (Flyball, 8LM)
Batting: RHB Víctor Hernández 0-0: Called Strike
0-1: Foul Ball, location: 2F
0-2: Strikes out swinging, 2-3 out at first.
Batting: RHB Mario Jacome 0-0: Ball
1-0: Swinging Strike
1-1: Ball
2-1: Swinging Strike
2-2: Ball
3-2: Foul Ball, location: 2F
3-2: Fly out, F9 (Flyball, 89D)
Bottom of the 3rd over - 0 run(s), 0 hit(s), 0 error(s), 0 left on base; Alameda 0 - Columbia 0
TOP OF THE 4TH
Alameda Airmen batting - Pitching for Columbia River Rats : RHP Claudio Salazar
Batting: RHB Alfonso Nazario 0-0: Ball
1-0: Swinging Strike
1-1: Ball
2-1: SINGLE (Groundball, 6MD)
Batting: SHB Adam Staats 0-0: Ball
1-0: Ball
2-0: Fielders Choice at 2nd, 4-6 (Groundball, 4M)
Batting: RHB Javier Marino 0-0: Ball
1-0: Called Strike
1-1: Grounds into double play, 6-4-3 (Groundball, 56)
Top of the 4th over - 0 run(s), 1 hit(s), 0 error(s), 0 left on base; Alameda 0 - Columbia 0
BOTTOM OF THE 4TH
Columbia River Rats batting - Pitching for Alameda Airmen : RHP Miguel Cabañas
Batting: RHB JoJo Victory 0-0: Ground out 6-3 (Groundball, 6)
Batting: SHB Robert Hillier 0-0: Called Strike
0-1: Ball
1-1: Called Strike
1-2: Ball
2-2: Ground out U3 (Groundball, 34)
Batting: RHB Paco Muñóz 0-0: Ball
1-0: Ball
2-0: Called Strike
2-1: Called Strike
2-2: Foul Ball, location: 2F
2-2: Strikes out swinging
Bottom of the 4th over - 0 run(s), 0 hit(s), 0 error(s), 0 left on base; Alameda 0 - Columbia 0
TOP OF THE 5TH
Alameda Airmen batting - Pitching for Columbia River Rats : RHP Claudio Salazar
Batting: RHB Armando Rodríguez 0-0: Swinging Strike
0-1: Ball
1-1: Foul Ball, location: 2F
1-2: Strikes out swinging
Batting: RHB Mario Salazar 0-0: Ground out 5-3 (Groundball, 56)
Batting: RHB Teobaldo Pasquetto 0-0: Swinging Strike
0-1: Swinging Strike
0-2: Fly out, F9 (Flyball, 9S)
Top of the 5th over - 0 run(s), 0 hit(s), 0 error(s), 0 left on base; Alameda 0 - Columbia 0
BOTTOM OF THE 5TH
Columbia River Rats batting - Pitching for Alameda Airmen : RHP Miguel Cabañas
Batting: RHB Richard Blackburn 0-0: Ball
1-0: Ball
2-0: Called Strike
2-1: SINGLE (Line Drive, 78M)
Batting: RHB Miguel Delgado 0-0: Sac Bunt - play at first, batter OUT! 2-3
Richard Blackburn to second
Batting: RHB Fernando Arévalo 0-0: Ball
1-0: Ground out 1-3 (Groundball, P)
Richard Blackburn to third
Batting: RHB Bill Tan 0-0: Foul Ball, location: 2F
0-1: Swinging Strike
0-2: SINGLE (Line Drive, 4M)
Richard Blackburn scores
Batting: RHB Víctor Hernández 0-0: Ball
1-0: Foul Ball, location: 2F
1-1: Ball
Bill Tan is caught stealing 2nd base
Bottom of the 5th over - 1 run(s), 2 hit(s), 0 error(s), 0 left on base; Alameda 0 - Columbia 1
TOP OF THE 6TH
Alameda Airmen batting - Pitching for Columbia River Rats : RHP Claudio Salazar
Batting: RHB Howard Lee 0-0: Called Strike
0-1: Ball
1-1: Ball
2-1: Called Strike
2-2: Ball
3-2: Foul Ball, location: 2F
3-2: Foul Ball, location: 2F
3-2: Strikes out swinging
Batting: RHB Mark Poirer 0-0: Ball
1-0: Foul Ball, location: 2F
1-1: Foul Ball, location: 2F
1-2: Strikes out looking
Batting: RHB Jud Regan 0-0: Fly out, F7 (Line Drive, 7)
Top of the 6th over - 0 run(s), 0 hit(s), 0 error(s), 0 left on base; Alameda 0 - Columbia 1
BOTTOM OF THE 6TH
Columbia River Rats batting - Pitching for Alameda Airmen : RHP Miguel Cabañas
Batting: RHB Víctor Hernández 0-0: Foul Ball, location: 2F
0-1: Ground out 6-3 (Groundball, 6)
Batting: RHB Mario Jacome 0-0: Called Strike
0-1: Foul Ball, location: 2F
0-2: Ball
1-2: Foul Ball, location: 2F
1-2: Ground out 6-3 (Groundball, 6)
Batting: RHB JoJo Victory 0-0: Ball
1-0: Foul Ball, location: 2F
1-1: Fly out, F7 (Flyball, 78M)
Bottom of the 6th over - 0 run(s), 0 hit(s), 0 error(s), 0 left on base; Alameda 0 - Columbia 1
TOP OF THE 7TH
Alameda Airmen batting - Pitching for Columbia River Rats : RHP Claudio Salazar
Batting: RHB Alfonso Nazario 0-0: Called Strike
0-1: Foul Ball, location: 2F
0-2: Foul Ball, location: 2F
0-2: Strikes out looking
Batting: SHB Adam Staats 0-0: Ball
1-0: Swinging Strike
1-1: Foul Ball, location: 2F
1-2: Ball
2-2: Fly out, F4 (Line Drive, 4M)
Batting: RHB Javier Marino 0-0: Foul Ball, location: 2F
0-1: Ball
1-1: Fly out, F7 (Flyball, 7LM)
Top of the 7th over - 0 run(s), 0 hit(s), 0 error(s), 0 left on base; Alameda 0 - Columbia 1
BOTTOM OF THE 7TH
Columbia River Rats batting - Pitching for Alameda Airmen : RHP Miguel Cabañas
Batting: SHB Robert Hillier 0-0: Ball
1-0: SINGLE (Groundball, 34D)
Pinch Runner at 1st Yves Girard:
Batting: RHB Paco Muñóz 0-0: Called Strike
0-1: Ball
1-1: Ball
2-1: SINGLE (Flyball, 78S)
Yves Girard to second
Runner from 2nd tries for 3rd, OUT!
Pinch Hitting: LHB Jim Unknown 0-0: Foul Ball, location: 2F
0-1: Fielders Choice at 2nd, 3-6 (Groundball, 34)
Batting: RHB Miguel Delgado 0-0: Called Strike
0-1: Swinging Strike
0-2: Ball
1-2: Strikes out swinging
Bottom of the 7th over - 0 run(s), 2 hit(s), 0 error(s), 1 left on base; Alameda 0 - Columbia 1
TOP OF THE 8TH
Alameda Airmen batting - Pitching for Columbia River Rats : RHP Claudio Salazar
Now at 1B: Jim Unknown
Now at 2B: Yves Girard
Batting: RHB Armando Rodríguez 0-0: Foul Ball, location: 2F
0-1: Called Strike
0-2: Ball
1-2: Fly out, F9 (Flyball, 9S)
Batting: RHB Mario Salazar 0-0: Ball
1-0: Ground out 4-3 (Groundball, 4)
Batting: RHB Teobaldo Pasquetto 0-0: Ground out 4-3 (Groundball, 4)
Top of the 8th over - 0 run(s), 0 hit(s), 0 error(s), 0 left on base; Alameda 0 - Columbia 1
BOTTOM OF THE 8TH
Columbia River Rats batting - Pitching for Alameda Airmen : RHP Miguel Cabañas
Batting: RHB Fernando Arévalo 0-0: Swinging Strike
0-1: Ball
1-1: Called Strike
1-2: Ball
2-2: Fly out, F6 (Flyball, 6D)
Batting: RHB Bill Tan 0-0: Ball
1-0: Foul Ball, location: 2F
1-1: Ball
2-1: Foul Ball, location: 2F
2-2: Fly out, F9 (Flyball, 9S)
Batting: RHB Víctor Hernández 0-0: Ball
1-0: SINGLE (Line Drive, 56D)
Pitching: RHP Rodrigo Sandoval
Pinch Hitting: SHB Mark Towns 0-0: Ball
1-0: Ball
2-0: Ball
3-0: Called Strike
3-1: Foul Ball, location: 2F
3-2: Foul Ball, location: 2F
3-2: SINGLE (Groundball, 34S) (infield hit)
Víctor Hernández to second
Batting: RHB JoJo Victory 0-0: Foul Ball, location: 2F
0-1: SINGLE (Groundball, 6MD)
Víctor Hernández to third
Mark Towns to second
Runner from 3rd tries for Home, SAFE, no throw
Pinch Hitting: RHB José Valéncia 0-0: Swinging Strike
0-1: Called Strike
0-2: Ground out 3-1 (Groundball, 34)
Bottom of the 8th over - 1 run(s), 3 hit(s), 0 error(s), 2 left on base; Alameda 0 - Columbia 2
TOP OF THE 9TH
Alameda Airmen batting - Pitching for Columbia River Rats : RHP Claudio Salazar
Pitching: LHP José Fuentes
Now at 2B: Warren Sumner
Now in LF: Mark Towns
Batting: RHB Howard Lee 0-0: Ball
1-0: Foul Ball, location: 2F
1-1: Ball
2-1: Swinging Strike
2-2: Foul Ball, location: 2F
2-2: Reached on error, E5 (Groundball, 56S)
Batting: RHB Mark Poirer 0-0: Foul Ball, location: 2F
0-1: Foul Ball, location: 2F
0-2: Ball
1-2: Ball
2-2: Fly out, F9 (Flyball, 9S)
Batting: RHB Jud Regan 0-0: Swinging Strike
0-1: Swinging Strike
0-2: Ball
1-2: Strikes out swinging
Batting: RHB Alfonso Nazario 0-0: Foul Ball, location: 2F
0-1: Called Strike
0-2: Strikes out looking
Top of the 9th over - 0 run(s), 0 hit(s), 1 error(s), 1 left on base; Alameda 0 - Columbia 2
Monday, March 20th, 2017 - OOTP Baseball 17.12 Build 75